 Dungeon Crawl Stone Soup version 0.24.1 (webtiles) character file.

Game seed: 18071829024793207292, levelgen mode: deterministic

18251 Destapler the Carver (level 12, -1/97 HPs)
             Began as a Gnoll Wanderer on Mar 26, 2020.
             Was a High Priest of Elyvilon.
             Slain by Jorgrun
             ... wielding a +0 quarterstaff of crushing
              (13 damage)
             ... on level 12 of the Dungeon.
             The game lasted 01:23:29 (13491 turns).

Destapler the Carver (Gnoll Wanderer)              Turns: 13491, Time: 01:23:30

Health: -1/97      AC: 14    Str: 22    XL:     12   Next: 56%
Magic:  26/31      EV:  8    Int: 16    God:    Elyvilon [*****.]
Gold:   680        SH:  0    Dex: 22    Spells: 11/25 levels left

rFire    . . .     SeeInvis .   a - +3 falchion
rCold    + . .     Gourm    +   c - +0 buckler
rNeg     . . .     Faith    .   G - +1 scale mail of Leaves {rC- Regen+ Str+2 Dex+2}
rPois    .         Spirit   .   e - +2 hat {Int+3}
rElec    .         Reflect  .   n - +2 cloak
rCorr    .         Harm     .   (no gloves)
MR       .....                  (no boots)
Stlth    +++.......             o - amulet of the gourmand
HPRegen  0.66/turn              U - ring of magical power
MPRegen  0.22/turn              j - ring of protection from cold

@: petrifying, very slow
A: distributed training, fangs 1, talons 1, thin skeletal structure 1, cold
resistance 1, strong 1, strong nose
a: Lesser Healing, Heal Other, Purification, Greater Healing, Divine Vigour,
Divine Protection, Renounce Religion


You were on level 12 of the Dungeon.
You worshipped Elyvilon.
Elyvilon was extremely pleased with you.
You were very full.

You visited 1 branch of the dungeon, and saw 12 of its levels.
You also visited: Ossuary.

You collected 680 gold pieces.

Inventory:

Hand Weapons
 a - a +3 falchion (weapon)
 b - the +2 hunting sling of the Well-Known Wars {velocity, +Blink Stlth+}
   (You found it on level 9 of the Dungeon)

   Any stone fired from it inflicts extra damage.
   It lets you blink.
   It makes you more stealthy.
 p - a +6 mace
 u - a +0 mace of holy wrath
 T - a +2 dagger of venom
Missiles
 h - 391 stones
 r - 156 arrows
 s - 125 sling bullets
 t - 27 poisoned darts (quivered)
 B - 3 throwing nets
 I - 18 boomerangs
 L - 2 curare-tipped darts
Armour
 c - a +0 buckler (worn)
 e - a +2 hat of intelligence (worn)
 n - a +2 cloak (worn)
 y - a +2 leather armour of fire resistance
 G - the +1 scale mail of Leaves (worn) {rC- Regen+ Str+2 Dex+2}
   (You found it on level 6 of the Dungeon)

   It affects your strength (+2).
   It affects your dexterity (+2).
   It makes you vulnerable to cold.
   It increases your rate of regeneration.
Jewellery
 j - a ring of protection from cold (right hand)
 o - an amulet of the gourmand (around neck)
 U - a ring of magical power (left hand)
Wands
 v - a wand of polymorph (22)
 w - a wand of digging (9)
 x - a wand of disintegration (10)
 A - a wand of paralysis (15)
 P - a wand of iceblast (4)
 Q - a wand of flame (21)
Scrolls
 g - 4 scrolls of remove curse
 i - 11 scrolls of teleportation
 k - 2 scrolls of enchant armour
 C - a scroll of holy word {unknown}
 F - 10 scrolls of identify
 H - a scroll of magic mapping {unknown}
 K - 2 scrolls of enchant weapon
 O - 2 scrolls of blinking {unknown}
 V - a scroll of fog {unknown}
Potions
 d - 3 potions of haste
 l - 2 potions of heal wounds
 m - a potion of flight
 q - 5 potions of curing
 z - 2 potions of agility
Comestibles
 f - 21 rations
 D - 2 chunks of flesh


   Skills:
 + Level 9.8 Fighting
 + Level 7.3 Short Blades
 + Level 9.8 Long Blades
 + Level 7.3 Axes
 + Level 7.3 Maces & Flails
 + Level 7.3 Polearms
 + Level 7.3 Staves
 + Level 7.3 Slings
 + Level 7.3 Bows
 + Level 7.3 Crossbows
 + Level 7.3 Throwing
 + Level 8.7 Armour
 + Level 7.3 Dodging
 + Level 7.3 Stealth
 + Level 8.7 Shields
 + Level 7.3 Unarmed Combat
 + Level 7.3 Spellcasting
 + Level 6.0 Conjurations
 + Level 6.0 Hexes
 + Level 6.0 Charms
 + Level 6.0 Summonings
 + Level 6.0 Necromancy
 + Level 6.0 Translocations
 + Level 6.0 Transmutations
 + Level 6.0 Fire Magic
 + Level 6.0 Ice Magic
 + Level 6.0 Air Magic
 + Level 6.0 Earth Magic
 + Level 6.0 Poison Magic
 + Level 8.0 Invocations
 + Level 7.3 Evocations


You had 11 spell levels left.
You knew the following spells:

 Your Spells              Type           Power        Failure   Level  Hunger
a - Airstrike             Air            ####......   22%         4    ####...
b - Blink                 Tloc           N/A          3%          2    None
c - Corona                Hex            ####...      2%          1    None
d - Magic Dart            Conj           ####         2%          1    None
h - Ensorcelled Hibernat  Hex/Ice        ####..       3%          2    None
s - Summon Lightning Spi  Summ/Air       ####....     22%         4    ####...

Your spell library contained the following spells:

 Spells                   Type           Power        Failure   Level  Hunger
 Shock                    Conj/Air       ####         2%          1    None
 Call Imp                 Summ           ####....     3%          2    None
 Slow                     Hex            ####....     3%          2    None
 Swiftness                Chrm/Air       ####....     3%          2    None
 Confuse                  Hex            ####....     7%          3    ##.....
 Conjure Flame            Conj/Fire      ####....     7%          3    ##.....
 Dazzling Spray           Conj/Hex       ####..       7%          3    ##.....
 Mephitic Cloud           Conj/Pois/Air  ####....     7%          3    ##.....
 Static Discharge         Conj/Air       ####....     7%          3    ##.....
 Tukima's Dance           Hex            ####....     7%          3    ##.....
 Lightning Bolt           Conj/Air       ####......   54%         5    #####..
 Silence                  Hex/Air        ####......   54%         5    #####..
 Conjure Ball Lightning   Conj/Air       ####......   98%         6    #######
 Deflect Missiles         Chrm/Air       ####......   98%         6    #######
 Tornado                  Air            ####......   100%        9    #######


Dungeon Overview and Level Annotations

Branches:
Dungeon (12/15)            Temple (0/1) D:4            Lair (0/6) D:8
Ossuary (visited)
    Orc: D:9-12

Altars:
Ashenzari
Dithmenos
Elyvilon
Gozag
Kikubaaqudgha
Makhleb
Nemelex Xobeh
Okawaru
Sif Muna
Trog
Uskayaw
Vehumet
Zin
The Shining One

Shops:
D:8 [   D:12 ?

Annotations:
D:12 Jorgrun


Innate Abilities, Weirdness & Mutations

Your experience applies equally to all skills.
You have very sharp teeth.
Your uncanny sense of smell can sniff out nearby items.
You have sharp toenails.
You have a somewhat thin skeletal structure. (Dex +2, Stealth)
Your flesh is cold resistant. (rC+)
Your muscles are strong. (Str +2)


Message History

You are slowing down.
You feel purified!
You feel quite a bit less full.
Jorgrun points at you and mumbles some strange words.
The iron shot misses you.
You slash Jorgrun! You claw Jorgrun!
Jorgrun is moderately wounded.
Jorgrun hits you with a +0 quarterstaff of crushing!
* * * LOW HITPOINT WARNING * * *
x2
As you read the scroll of fear, it crumbles to dust.
You assume a fearsome visage.
Jorgrun easily resists.
The earth elemental is unaffected.
The deep elf mage looks frightened!
The earth elemental is unaffected.
Jorgrun hits you but does no damage.
The deep elf mage casts a spell.
The deep elf mage blinks!
Jorgrun casts a spell at you.
You are slowing down.
The deep elf mage gestures wildly while chanting.
The deep elf mage blinks!
Jorgrun hits you with a +0 quarterstaff of crushing!!
You die...

##) #### ##.. ###..### ##
...####...##.. ..#
...##.....# .## §..#
...<..#..## #.# #....
.........# ##.####.....
.........# ##....#.e....
.........###............
#...>.....##....@.....∩.
#...............gE####(.....
##..#......#### ##....
#..#......# .## #.........#
# ##....##...##
....######..# ...## ##.#


You could see Jorgrun, 2 earth elementals and a deep elf mage (fleeing).

Vanquished Creatures
  Harold (D:8)
  2 two-headed ogres (D:12)
  An unseen horror (D:10)
  A manticore (D:11)
  A centaur zombie (D:11)
  Psyche (D:10)
  A freezing wraith (D:11)
  A hornet (D:8)
  5 trolls
  Prince Ribbit (D:7)
  5 hippogriffs
  A wyvern (D:9)
  Sigmund (D:4)
  A wraith (D:12)
  14 yaks
  Eustachio (D:5)
  The ghost of Winsalot the Skirmisher, an amateur DsAs of Ashenzari (D:4)
  A steam dragon (D:6)
  3 hungry ghosts
  2 water moccasins
  Duvessa (D:5)
  A soldier ant (D:8)
  7 orc warriors
  4 porcupines (D:8)
  5 black bears
  A phantom (D:7)
  7 sky beasts
  A necrophage (D:7)
  2 ice beasts
  An eye of draining (D:11)
  2 ogres
  6 centaurs
  4 crocodiles
  3 big kobolds
  13 bullfrogs
  Dowan (D:5)
  5 scorpions
  9 wights
  18 killer bees
  7 howler monkeys
  6 crimson imps
  A bullfrog zombie (D:6)
  A quasit (D:5)
  8 orc priests
  3 hounds
  3 jellies
  A human zombie (Ossuary)
  11 orc wizards
  Crazy Yiuf (D:3)
  3 bullfrog skeletons
  5 centaur skeletons
  Jessica (D:3)
  Terence (D:3)
  Natasha (thrice) (D:3)
  5 iguanas
  12 worker ants
  5 hound skeletons
  4 mummies (Ossuary)
  A worker ant zombie (D:8)
  A howler monkey skeleton (D:5)
  8 adders
  3 shadow imps
  An ooze (D:1)
  2 adder skeletons
  An adder zombie (D:7)
  A worm (D:2)
  2 dart slugs
  9 leopard geckos
  46 orcs
  8 bats
  5 giant cockroaches
  4 gnoll zombies (Ossuary)
  11 goblins
  6 hobgoblins
  18 jackals
  22 kobolds
  7 quokkas
  3 ball pythons
  4 frilled lizards
  A goblin zombie (Ossuary)
  A leopard gecko zombie (D:5)
  2 orc zombies (Ossuary)
  A quokka skeleton (D:6)
  5 rats
  A butterfly (D:4)
  A fungus (D:8)
392 creatures vanquished.

Vanquished Creatures (others)
  A kobold (D:4)
  A fungus (D:8)
2 creatures vanquished.

Grand Total: 394 creatures vanquished

Notes
Turn   | Place    | Note
-------+----------+-------------------------------------------
     0 | D:1      | Destapler the Gnoll Wanderer began the quest for the Orb.
     0 | D:1      | Destapler set off with the following items: a +2 falchion,
                  | a potion of curing, a +0 buckler, a +0 robe, a ration
     0 | D:1      | Reached XP level 1. HP: 23/23 MP: 1/1
    48 | D:1      | Reached XP level 2. HP: 28/29 MP: 2/2
   256 | D:1      | Reached XP level 3. HP: 34/35 MP: 3/3
   797 | D:2      | Reached skill level 1 in Invocations
   887 | D:2      | Reached skill level 1 in Short Blades
   887 | D:2      | Reached skill level 1 in Axes
   887 | D:2      | Reached skill level 1 in Maces & Flails
   887 | D:2      | Reached skill level 1 in Polearms
   887 | D:2      | Reached skill level 1 in Staves
   887 | D:2      | Reached skill level 1 in Slings
   887 | D:2      | Reached skill level 1 in Bows
   887 | D:2      | Reached skill level 1 in Crossbows
   887 | D:2      | Reached skill level 1 in Throwing
   887 | D:2      | Reached skill level 1 in Dodging
   887 | D:2      | Reached skill level 1 in Stealth
   887 | D:2      | Reached skill level 1 in Unarmed Combat
   887 | D:2      | Reached skill level 1 in Spellcasting
   887 | D:2      | Reached skill level 1 in Evocations
   896 | D:2      | Reached XP level 4. HP: 36/41 MP: 5/5
  1100 | D:2      | Found a white marble altar of Elyvilon.
  1100 | D:2      | Found a glowing silver altar of Zin.
  1334 | D:2      | Reached skill level 1 in Conjurations
  1334 | D:2      | Reached skill level 1 in Hexes
  1334 | D:2      | Reached skill level 1 in Charms
  1334 | D:2      | Reached skill level 1 in Summonings
  1334 | D:2      | Reached skill level 1 in Necromancy
  1334 | D:2      | Reached skill level 1 in Translocations
  1334 | D:2      | Reached skill level 1 in Transmutations
  1334 | D:2      | Reached skill level 1 in Fire Magic
  1334 | D:2      | Reached skill level 1 in Ice Magic
  1334 | D:2      | Reached skill level 1 in Air Magic
  1334 | D:2      | Reached skill level 1 in Earth Magic
  1334 | D:2      | Reached skill level 1 in Poison Magic
  1620 | D:2      | Became a worshipper of Elyvilon the Healer
  1678 | D:3      | Reached XP level 5. HP: 31/47 MP: 5/7
  1718 | D:3      | Noticed Natasha
  1721 | D:3      | Killed Natasha
  2008 | D:3      | Noticed Natasha
  2022 | D:3      | Killed Natasha
  2040 | D:3      | Found a sparkling altar of Nemelex Xobeh.
  2194 | D:3      | Reached XP level 6. HP: 40/53 MP: 8/8
  2204 | D:3      | Found an iron altar of Okawaru.
  2440 | D:3      | Found a runed translucent door.
  2441 | D:3      | Noticed Crazy Yiuf
  2488 | D:3      | Paralysed by Crazy Yiuf for 5 turns
  2496 | D:3      | Killed Crazy Yiuf
  2527 | D:3      | Noticed Jessica
  2531 | D:3      | Killed Jessica
  2531 | D:3      | Reached skill level 5 in Armour
  2531 | D:3      | Reached skill level 5 in Shields
  2572 | D:3      | Noticed Terence
  2590 | D:3      | Killed Terence
  2724 | D:3      | Noticed Natasha
  2732 | D:3      | Killed Natasha
  2780 | D:3      | Found a hide-covered altar of Uskayaw.
  2886 | D:4      | Found a runed translucent gate.
  2886 | D:4      | Found a runed translucent gate.
  2886 | D:4      | Found a runed translucent gate.
  2887 | D:4      | Identified the +10 short sword of Ashenzari's Vengeance
                  | {drain, Dex+8}
  2888 | D:4      | Noticed Winsalot's ghost (amateur DsAs)
  2892 | D:4      | Reached * piety under Elyvilon
  2925 | D:4      | Reached XP level 7. HP: 59/59 MP: 10/10
  2934 | D:4      | You fall into a shaft and drop 3 floors!
  2996 | D:6      | Found a radiant altar of Vehumet.
  3423 | D:6      | Found a shimmering blue altar of Sif Muna.
  3425 | D:6      | Found a burning altar of Makhleb.
  3425 | D:6      | Found an ancient bone altar of Kikubaaqudgha.
  3436 | D:6      | Found a glowing golden altar of the Shining One.
  3439 | D:6      | Noticed a steam dragon
  3455 | D:6      | Found a shattered altar of Ashenzari.
  3459 | D:6      | Killed a steam dragon
  3459 | D:6      | Reached XP level 8. HP: 61/67 MP: 12/12
  3529 | D:6      | Found a shadowy altar of Dithmenos.
  3534 | D:6      | Found an opulent altar of Gozag.
  3563 | D:5      | Entered Level 5 of the Dungeon
  3722 | D:5      | Noticed Duvessa
  3751 | D:5      | Noticed Dowan
  3755 | D:5      | Killed Duvessa
  3771 | D:5      | Killed Dowan
  3987 | D:5      | Reached ** piety under Elyvilon
  3990 | D:5      | Found a sand-covered staircase.
  4032 | Ossuary  | Entered an ossuary
  4076 | Ossuary  | Reached XP level 9. HP: 49/72 MP: 14/14
  4388 | D:5      | Noticed Eustachio
  4426 | D:5      | Killed Eustachio
  4999 | D:4      | Found a bloodstained altar of Trog.
  5048 | D:4      | Noticed Sigmund
  5062 | D:4      | Killed Sigmund
  5088 | D:4      | Found a staircase to the Ecumenical Temple.
  5492 | D:4      | Gained mutation: You evolve. [potion of mutation]
  5492 | D:4      | Gained mutation: You have a somewhat thin skeletal
                  | structure. (Dex +2, Stealth) [potion of mutation]
  5492 | D:4      | Gained mutation: Your flesh is cold resistant. (rC+)
                  | [potion of mutation]
  5492 | D:4      | Gained mutation: You have sharp toenails. [potion of
                  | mutation]
  5505 | D:4      | Killed Winsalot's ghost
  5785 | D:6      | Gained mutation: Your muscles are strong. (Str +2)
                  | [evolution]
  5785 | D:6      | Lost mutation: You evolve. [end of evolution]
  6013 | D:6      | Got a spiked scale mail
  6024 | D:6      | Identified the +1 scale mail of Leaves {rC- Regen+ Str+2
                  | Dex+2} (You found it on level 6 of the Dungeon)
  6169 | D:6      | Reached skill level 5 in Invocations
  6192 | D:6      | Reached *** piety under Elyvilon
  6690 | D:7      | Reached XP level 10. HP: 80/80 MP: 17/17
  7290 | D:7      | Noticed Prince Ribbit
  7297 | D:7      | Killed Prince Ribbit
  7297 | D:7      | Reached skill level 5 in Short Blades
  7297 | D:7      | Reached skill level 5 in Axes
  7297 | D:7      | Reached skill level 5 in Maces & Flails
  7297 | D:7      | Reached skill level 5 in Polearms
  7297 | D:7      | Reached skill level 5 in Staves
  7297 | D:7      | Reached skill level 5 in Slings
  7297 | D:7      | Reached skill level 5 in Bows
  7297 | D:7      | Reached skill level 5 in Crossbows
  7297 | D:7      | Reached skill level 5 in Throwing
  7297 | D:7      | Reached skill level 5 in Dodging
  7297 | D:7      | Reached skill level 5 in Stealth
  7297 | D:7      | Reached skill level 5 in Unarmed Combat
  7297 | D:7      | Reached skill level 5 in Spellcasting
  7297 | D:7      | Reached skill level 5 in Evocations
  7765 | D:8      | Reached **** piety under Elyvilon
  8094 | D:8      | Found Cyklac's Antique Armour Emporium.
  8175 | D:8      | Found a staircase to the Lair.
  8367 | D:8      | Noticed Harold
  8390 | D:8      | Killed Harold
  8390 | D:8      | Reached XP level 11. HP: 28/87 MP: 19/19
  8817 | D:8      | Paralysed by a hornet for 2 turns
  8821 | D:8      | Paralysed by a hornet for 3 turns
  9175 | D:9      | Got a twisted hunting sling
  9176 | D:9      | Identified the cursed +2 hunting sling of the Well-Known
                  | Wars {velocity, +Blink Stlth+} (You found it on level 9 of
                  | the Dungeon)
  9248 | D:9      | Reached skill level 5 in Conjurations
  9248 | D:9      | Reached skill level 5 in Hexes
  9248 | D:9      | Reached skill level 5 in Charms
  9248 | D:9      | Reached skill level 5 in Summonings
  9248 | D:9      | Reached skill level 5 in Necromancy
  9248 | D:9      | Reached skill level 5 in Translocations
  9248 | D:9      | Reached skill level 5 in Transmutations
  9248 | D:9      | Reached skill level 5 in Fire Magic
  9248 | D:9      | Reached skill level 5 in Ice Magic
  9248 | D:9      | Reached skill level 5 in Air Magic
  9248 | D:9      | Reached skill level 5 in Earth Magic
  9248 | D:9      | Reached skill level 5 in Poison Magic
  9326 | D:9      | Reached ***** piety under Elyvilon
  9708 | D:10     | Entered Level 10 of the Dungeon
  9935 | D:10     | Noticed Psyche
  9969 | D:10     | Killed Psyche
 10454 | D:10     | Killed an unseen horror
 11159 | D:11     | HP: 3/89 [yak (9)]
 11380 | D:11     | Reached XP level 12. HP: 88/96 MP: 22/22
 13139 | D:12     | Noticed a two-headed ogre
 13147 | D:12     | Killed a two-headed ogre
 13284 | D:12     | Reached ****** piety under Elyvilon
 13300 | D:12     | Noticed a two-headed ogre
 13310 | D:12     | Learned a level 2 spell: Blink
 13313 | D:12     | Learned a level 2 spell: Ensorcelled Hibernation
 13318 | D:12     | Learned a level 4 spell: Summon Lightning Spire
 13323 | D:12     | Learned a level 4 spell: Airstrike
 13325 | D:12     | Learned a level 1 spell: Corona
 13327 | D:12     | Learned a level 1 spell: Magic Dart
 13356 | D:12     | Noticed a two-headed ogre
 13371 | D:12     | Killed a two-headed ogre
 13473 | D:12     | Noticed Jorgrun
 13478 | D:12     | Found Fel Uss's Magic Scroll Shoppe.
 13491 | D:12     | Slain by Jorgrun

Levels and vault maps discovered:
D:1:      arrival_zaba_pyramid, layout_loops_ring, nrook_mini_backslash
D:2:      layout_basic, gammafunk_temple_overflow_wave
D:3:      layout_loops_ring, lemuel_doored_altar, old_standard_altar,
          old_standard_altar, first_ration, uniq_jessica, uniq_terence,
          uniq_natasha, uniq_crazy_yiuf_cottage
D:4:      layout_basic, marbit_many_paths, minmay_temple_entry_butterflies,
          gammafunk_ghost_nasty_kobolds, uniq_sigmund
D:5:      layout_cave_pools, nicolae_ossuary_entry_false_entrances,
          grunt_ministairs_11, uniq_duvessa, uniq_eustachio
D:6:      layout_gridville, grunt_temple_overflow_open
D:7:      layout_basic, uniq_prince_ribbit1
D:8:      layout_cave_pools, due_lair_maze_entry_diamond, serial_shops,
          shop_fountains, hangedman_pestilent_swarm, kennysheep_generic_room_15,
          uniq_harold
D:9:      layout_roguey
D:10:     layout_cave_pools, uniq_psyche
D:11:     layout_roguey
D:12:     layout_layer_cave, david_orc_5, serial_shops, shop, uniq_jorgrun

Skill      XL: |  1  2  3  4  5  6  7  8  9 10 11 12 |
---------------+-------------------------------------+-----
Invocations    | 1 2 3 4 5 6 7 8 |  8.0
Short Blades   | 1 2 3 4 5 6 7 |  7.3
Axes           | 1 2 3 4 5 6 7 |  7.3
Maces & Flails | 1 2 3 4 5 6 7 |  7.3
Polearms       | 1 2 3 4 5 6 7 |  7.3
Staves         | 1 2 3 4 5 6 7 |  7.3
Slings         | 1 2 3 4 5 6 7 |  7.3
Bows           | 1 2 3 4 5 6 7 |  7.3
Crossbows      | 1 2 3 4 5 6 7 |  7.3
Throwing       | 1 2 3 4 5 6 7 |  7.3
Dodging        | 1 2 3 4 5 6 7 |  7.3
Stealth        | 1 2 3 4 5 6 7 |  7.3
Unarmed Combat | 1 2 3 4 5 6 7 |  7.3
Spellcasting   | 1 2 3 4 5 6 7 |  7.3
Evocations     | 1 2 3 4 5 6 7 |  7.3
Conjurations   | 1 2 3 4 5 6 |  6.0
Hexes          | 1 2 3 4 5 6 |  6.0
Charms         | 1 2 3 4 5 6 |  6.0
Summonings     | 1 2 3 4 5 6 |  6.0
Necromancy     | 1 2 3 4 5 6 |  6.0
Translocations | 1 2 3 4 5 6 |  6.0
Transmutations | 1 2 3 4 5 6 |  6.0
Fire Magic     | 1 2 3 4 5 6 |  6.0
Ice Magic      | 1 2 3 4 5 6 |  6.0
Air Magic      | 1 2 3 4 5 6 |  6.0
Earth Magic    | 1 2 3 4 5 6 |  6.0
Poison Magic   | 1 2 3 4 5 6 |  6.0
Armour         | 5 6 7 8 |  8.7
Shields        | 5 6 7 8 |  8.7
Fighting       | 7 8 9 |  9.8
Long Blades    | 7 8 9 |  9.8

Action                   |  1- 3 |  4- 6 |  7- 9 | 10-12 || total
-------------------------+-------+-------+-------+-------++-------
Melee: Falchion          |    73 |   162 |   433 |   856 ||  1524
       Bite              |     6 |    22 |    86 |   192 ||   306
       Dagger            |       |    15 |       |     3 ||    18
       Kick              |       |       |    54 |   469 ||   523
 Fire: Hunting sling     |       |       |       |    85 ||    85
Throw: Dart              |       |     3 |     5 |    23 ||    31
       Stone             |       |       |     1 |       ||     1
       Boomerang         |       |       |       |    11 ||    11
       Javelin           |       |       |       |     2 ||     2
       Throwing net      |       |       |       |     1 ||     1
 Cast: Corona            |       |       |       |     3 ||     3
       Magic Dart        |       |       |       |     2 ||     2
       Ensorcelled Hiber |       |       |       |     1 ||     1
Invok: Greater Healing   |       |       |       |     1 ||     1
       Purification      |       |       |       |     2 ||     2
 Abil: Evoke Blink       |       |       |       |     5 ||     5
Evoke: Wand              |       |       |       |     5 ||     5
  Use: Potion            |       |       |     8 |     6 ||    14
       Scroll            |       |       |    13 |     4 ||    17
 Stab: Sleeping          |     5 |     1 |     3 |    11 ||    20
       Distracted        |       |     2 |     2 |     1 ||     5
       Invisible         |       |       |     3 |       ||     3
  Eat: Chunk             |       |    21 |    13 |    32 ||    66
Armor: Robe              |    16 |    13 |       |       ||    29
       Scale mail        |       |    17 |   183 |   389 ||   589
       Skin              |       |       |     8 |       ||     8
       Troll leather arm |       |       |       |    25 ||    25
Dodge: Dodged            |    46 |    72 |   219 |   659 ||   996
Block: Buckler           |    23 |    39 |   129 |   305 ||   496
       Rpst.: Falchion   |    18 |    17 |    65 |   146 ||   246
